Map: Cerulean Fall LE

Players

HateMe

  • Race: Zerg Zerg
  • League: Grandmaster
  • Spawn Location: 1:00

Lambo - Winner!

  • Race: Zerg Zerg
  • League: Grandmaster
  • Spawn Location: 7:00

VOD

Have the link to the VOD?

Description

Time

  • Played on: Dec. 1, 2018, 7:42 a.m.
  • Length: 8:08
Show
View Real Time Build Order
Export as new Build Order

HateMe Zerg 

Build Orders: Hatch First 

Get SALT Encoding   

  12  0:02  Drone  
  13  0:13  Overlord  
  13  0:17  Drone  
  14  0:32  Drone x2  
  16  0:36  Drone  
  17  0:52  Hatchery  
  17  0:57  Drone  
  17  1:00  Drone  
  17  1:02  Extractor  
  17  1:15  Spawning Pool  
  17  1:18  Drone  
  17  1:21  Drone  
  18  1:29  Drone  
  19  1:39  Overlord  
  19  1:50  Drone  
  20  2:00  Drone  
  21  2:02  Queen  
  21  2:03  Metabolic Boost  
  21  2:08  Queen  
  23  2:12  Drone  
  23  2:15  Drone  
  27  2:18  Drone  
  27  2:22  Drone  
  29  2:26  Drone  
  30  2:36  Drone  
  31  2:37  Drone  
  32  2:47  Hatchery  
  31  2:52  Baneling Nest  
  31  2:54  Drone  
  31  2:58  Overlord  
  31  3:01  Zergling x2  
  31  3:03  Zergling x2  
  33  3:06  Zergling x2  
  33  3:09  Zergling x2  
  33  3:12  Drone  
  36  3:15  Overlord  
  36  3:18  Drone  
  37  3:20  Drone  
  37  3:22  Drone  
  37  3:24  Drone  
  40  3:30  Queen  
  42  3:38  Baneling x2  
  42  3:39  Drone x3  
  45  3:46  Evolution Chamber  
  44  3:49  Drone x3  
  44  3:52  Drone  
  44  3:53  Drone  
  44  3:54  Drone  
  50  3:57  Baneling x2  
  50  3:58  Zergling x2  
  50  3:59  Zergling x2  
  52  4:03  Zergling x2  
  52  4:05  Zergling x2  
  52  4:08  Overlord  
  53  4:11  Drone x2  
  53  4:13  Drone  
  53  4:16  Zerg Missile Weapons Level 1  
  55  4:20  Extractor, Drone x2  
  55  4:21  Extractor, Drone  
  56  4:24  Baneling x2  
  56  4:31  Drone x3  
  56  4:34  Drone x2  
  57  4:42  Zergling x4  
  59  4:46  Lair  
  59  4:50  Roach Warren, Drone x4  
  62  4:55  Overlord  
  62  5:00  Drone x2  
  62  5:02  Drone x2  
  62  5:06  Overlord  
  65  5:12  Overlord  
  65  5:14  Drone x3  
  66  5:15  Drone  
  66  5:18  Drone  
  66  5:19  Drone x2  
  72  5:23  Extractor x2  
  72  5:24  Extractor  
  68  5:29  Drone x5  
  68  5:30  Drone x4  
  68  5:34  Drone  
  77  5:39  Drone  
  77  5:43  Glial Reconstitution  
  77  5:44  Roach  
  77  5:45  Roach  
  81  5:54  Roach  
  81  5:55  Roach x3  
  88  5:58  Overlord  
  88  6:00  Overlord  
  88  6:01  Hatchery  
  88  6:07  Hydralisk Den  
  85  6:16  Ravager x2  
  86  6:18  Roach  
  86  6:19  Roach x7  
  86  6:20  Queen  
  100  6:27  Overlord x3  
  100  6:28  Roach x2  
  100  6:29  Roach  
  105  6:37  Muscular Augments  
  105  6:40  Drone  
  105  6:41  Overlord x2  
  106  6:47  Hydralisk, Lurker Den  
  106  6:48  Hydralisk  
  106  6:51  Hydralisk  
  111  6:54  Hydralisk  
  111  7:00  Spore Crawler  
  112  7:01  Spore Crawler  
  112  7:02  Hydralisk x2  
  112  7:03  Hydralisk, Spore Crawler  
  112  7:06  Hydralisk  
  112  7:08  Overlord x2  
  118  7:11  Hydralisk  
  120  7:21  Hydralisk x4  
  124  7:27  Hydralisk x2  
  122  7:31  Hydralisk  
  122  7:35  Hydralisk x2  
  118  7:40  Hydralisk  
Show
View Real Time Build Order
Export as new Build Order

Lambo Zerg - Winner!

Build Orders: Hatch First, Muta Ling Bane 

Get SALT Encoding   

  12  0:01  Drone  
  13  0:13  Overlord  
  13  0:17  Drone  
  14  0:31  Drone x2  
  16  0:49  Hatchery  
  15  0:52  Drone  
  15  0:55  Drone  
  17  0:58  Drone  
  18  1:08  Extractor  
  17  1:13  Spawning Pool  
  17  1:17  Drone  
  17  1:20  Drone  
  18  1:28  Drone  
  19  1:40  Drone  
  20  1:51  Drone  
  21  2:00  Queen  
  21  2:01  Queen  
  25  2:03  Drone, Overlord  
  26  2:09  Metabolic Boost  
  26  2:12  Drone x2  
  28  2:22  Zergling x2  
  29  2:26  Drone  
  30  2:33  Drone x2  
  32  2:41  Hatchery  
  31  2:48  Baneling Nest, Drone  
  31  2:52  Overlord  
  31  2:56  Drone  
  32  2:58  Zergling x2  
  33  3:08  Drone  
  33  3:09  Drone x2  
  33  3:12  Zergling x4  
  38  3:13  Overlord  
  38  3:15  Drone x2  
  40  3:20  Drone  
  40  3:21  Drone  
  42  3:30  Zergling x2  
  42  3:33  Baneling x5  
  42  3:38  Zergling x2  
  43  3:41  Zergling x12  
  43  3:45  Queen  
  51  3:57  Drone x2  
  51  3:58  Zergling x2  
  51  3:59  Overlord  
  51  4:01  Drone  
  55  4:04  Extractor  
  55  4:05  Extractor  
  51  4:11  Drone x2  
  51  4:15  Drone x2  
  51  4:16  Lair  
  55  4:17  Drone x4  
  55  4:22  Zergling x2  
  55  4:23  Overlord  
  60  4:25  Drone  
  61  4:37  Drone x5  
  63  4:46  Extractor  
  63  4:50  Overlord, Evolution Chamber  
  63  4:51  Drone x8  
  69  4:56  Baneling  
  69  5:05  Drone x3  
  71  5:09  Extractor  
  71  5:12  Extractor  
  69  5:14  Spire  
  69  5:15  Drone x4  
  69  5:19  Drone x2  
  74  5:27  Zergling x2  
  74  5:28  Zergling x12  
  79  5:30  Hatchery  
  79  5:32  Zergling x4  
  80  5:39  Zerg Melee Weapons Level 1  
  80  5:42  Zergling x4  
  81  5:43  Overlord  
  81  5:44  Overlord  
  80  5:50  Overlord  
  79  6:00  Overlord  
  79  6:05  Overlord  
  70  6:27  Mutalisk x10  
  86  6:37  Drone  
  86  6:38  Drone x5  
  86  6:39  Drone x6  
  98  6:43  Extractor  
  98  6:46  Centrifical Hooks  
  97  6:48  Mutalisk, Extractor  
  97  6:50  Zergling x10  
  103  6:54  Queen  
  103  6:56  Overlord  
  103  6:57  Mutalisk  
  107  7:03  Mutalisk  
  109  7:09  Overlord  
  109  7:10  Zergling x14  
  116  7:20  Mutalisk x3  
  120  7:29  Zergling x16  
  128  7:35  Mutalisk x3  
  132  7:40  Zergling x10  
Tags
 
Add a new tag
Caveats
  • Supply blocks, unpowered buildings, or Contaminate may cause inaccurate times.
  • Supply counts are checked every 10 seconds.